AoeStats
← RichardPounder!

Arena

504673280Analyzed
1v1 RM · 26d ago on Sep 6, 2026· 21m 25s· 2 players
Game mode
Random Map
Map size
Tiny (2 player)
Population
200
Speed
Normal
Resources
Standard
Victory
Conquest
Starting age
Dark Age
Ending age
Imperial Age
RankedLock teamsTeams togetherTeam positionsShared explorationLock speedFull tech treeHidden civsTurbo modeCheats
Victory
Defeat
🇨🇳 Spanish · China
948
+17
🇦🇺 Goths · Australia
964
-17
TumenUluso
7:26 Loom
11:17 Feudal Age
15:28 Castle Age
14:37 Double-Bit Axe
15:07 Horse Collar
18:39 Padded Archer Armor
RichardPounder!
0:45 Loom
12:09 Feudal Age
16:46 Stone Mining
19:25 Castle Age
18:04 Double-Bit Axe
Connection lost

Rejoining the realm…

Still unreachable

The connection could not be restored.

Session expired

The server has moved on; the page needs a fresh start.